 Dungeon Crawl Stone Soup version 0.26-a0-487-gbff1e92059 (webtiles) character file.

Game seed: 5084636695402904853

259 MrRokkomies the Stinger (level 6, -1/36 HPs)
             Began as an Octopode Venom Mage on Aug 2, 2020.
             Was a Follower of Kikubaaqudgha.
             Slain by an ogre
             ... wielding a +0 giant spiked club
              (10 damage)
             ... on level 4 of the Dungeon.
             The game lasted 00:10:50 (3632 turns).

MrRokkomies the Stinger (Octopode Venom Mage)       Turns: 3632, Time: 00:10:52

Health: -1/36      AC:  8    Str:  7    XL:     6   Next: 17%
Magic:  4/9        EV: 13    Int: 20    God:    Kikubaaqudgha [*.....]
Gold:   141        SH:  6    Dex: 12    Spells: 3/9 levels left

rFire    + . .     SeeInvis .   a - +3 dagger (protect)
rCold    . . .     Faith    .   j - +2 buckler {rF+}
rNeg     . . .     Spirit   .   (helmet restricted)
rPois    .         Reflect  .   (no amulet)
rElec    .         Harm     .   e - ring of stealth
rCorr    .                      (no ring)
MR       .....                  (no ring)
Stlth    +++++.....             (no ring)
HPRegen  0.12/turn              (no ring)
MPRegen  0.11/turn              (no ring)
                                (no ring)
                                (no ring)

@: protection aura
A: almost no armour, stealthy swim, amphibious, 8 rings, constrict 8, camouflage
1, gelatinous body 1
a: Receive Corpses, Renounce Religion


You were on level 4 of the Dungeon.
You worshipped Kikubaaqudgha.
Kikubaaqudgha was aware of your devotion.
You visited 1 branch of the dungeon, and saw 4 of its levels.

You collected 141 gold pieces.

Inventory:

Hand Weapons
 a - a +3 dagger of protection (weapon)
 b - a +1 short sword of electrocution
 c - a +2 trident of venom
 n - a +2 morningstar of holy wrath
Missiles
 d - 14 poisoned darts
 l - 9 boomerangs (quivered)
Armour
 j - a +2 buckler of fire resistance (worn)
Jewellery
 e - a ring of stealth (left tentacle)
Scrolls
 i - 3 scrolls of remove curse
Potions
 f - a potion of cancellation
 h - a potion of heal wounds
 k - a potion of haste {unknown}


   Skills:
 - Level 2.5 Dodging
 + Level 4.4 Stealth
 * Level 2.5 Shields
 - Level 2.0 Spellcasting
 - Level 1.0 Transmutations
 + Level 1.8 Air Magic
 * Level 5.7 Poison Magic


You had 3 spell levels left.
You knew the following spells:

 Your Spells              Type           Power        Failure   Level
a - Sting                 Tmut/Pois      ###.         4%          1
b - Poisonous Vapours     Pois/Air       ###...       6%          2
c - Mephitic Cloud        Conj/Pois/Air  ##......     21%         3

Your spell library contained the following spells:

 Spells                   Type           Power        Failure   Level
 Animate Skeleton         Necr           #.....       19%         1
 Magic Dart               Conj           #...         19%         1
 Pain                     Necr           #...         19%         1
 Ignite Poison            Fire/Tmut/Pois ##......     22%         3
 Blink                    Tloc           N/A          28%         2
 Call Imp                 Summ           #.......     28%         2
 Slow                     Hex            #.......     28%         2
 Sublimation of Blood     Necr           #.........   28%         2
 Conjure Flame            Conj/Fire      #.......     50%         3
 Vampiric Draining        Necr           #.........   50%         3
 Olgreb's Toxic Radiance  Pois           ###.....     19%         4


Dungeon Overview and Level Annotations

Branches:
Dungeon (4/15)
 Temple: D:4-7

Altars:
Kikubaaqudgha


Innate Abilities, Weirdness & Mutations

You cannot wear most types of armour.
You are very stealthy in the water. (Stealth+)
You are amphibious.
You can wear up to eight rings at the same time.
You can use your tentacles to constrict eight enemies at once.
Your skin changes colour to match your surroundings (Stealth+).
Your rubbery body absorbs attacks. (AC +1, EV +1)


Message History

The ogre hits you with a +0 giant spiked club!!
Ouch! That really hurt!
* * * LOW HITPOINT WARNING * * *
Found 15 gold pieces.
Found a hunting sling.
A quokka comes into view.
An adder comes into view.
An adder comes into view.
The adder hisses angrily.
Found a stone staircase leading down.
A scorpion comes into view.
The helpless adder fails to defend itself.
You puncture the adder!
Your weapon exudes an aura of protection.
Your grab misses the adder. Your squeeze misses the adder.
The adder is almost dead.
The adder misses you. The quokka closely misses you.
The ogre hits you with a +0 giant spiked club!
You die...
Kikubaaqudgha rasps: "You have failed me!
Welcome... death!"

#....<.........
##.............
###...........
##.......[....
##........$...
#.........##.
##....#....#
#......##O..#
##....$S@r..#
#........S....#
#)..........###
#............#
#>............#
..##............
. #.........#..
....s#...##


You could see an ogre (poisoned), a scorpion (asleep), 2 adders and a quokka.

Vanquished Creatures
  2 orc priests (D:3)
  3 orc wizards
  2 adders (D:3)
  3 worms
  A dart slug (D:1)
  2 leopard geckos
  14 orcs
  3 giant cockroaches
  9 hobgoblins
  8 kobolds
  A quokka (D:2)
  10 bats
  2 frilled lizards
  5 goblins
  4 rats
69 creatures vanquished.

Notes
Turn   | Place    | Note
-------+----------+-------------------------------------------
     0 | D:1      | MrRokkomies the Octopode Venom Mage began the quest for the
                  | Orb.
     0 | D:1      | Reached XP level 1. HP: 11/11 MP: 3/3
   493 | D:1      | Reached skill level 4 in Poison Magic
   493 | D:1      | Reached XP level 2. HP: 5/17 MP: 3/5
   497 | D:1      | Learned a level 2 spell: Poisonous Vapours
  1424 | D:2      | Reached XP level 3. HP: 21/21 MP: 4/6
  1431 | D:2      | Learned a level 3 spell: Mephitic Cloud
  1560 | D:2      | Found an ancient bone altar of Kikubaaqudgha.
  1567 | D:2      | Became a worshipper of Kikubaaqudgha
  2256 | D:3      | Reached XP level 4. HP: 17/27 MP: 0/7
  2416 | D:2      | Reached skill level 1 in Shields
  2416 | D:2      | Reached skill level 1 in Air Magic
  2416 | D:2      | Reached skill level 5 in Poison Magic
  2665 | D:3      | Reached XP level 5. HP: 28/31 MP: 8/8
  3001 | D:3      | Reached * piety under Kikubaaqudgha
  3001 | D:3      | Identified Kikubaaqudgha's Guide on Sinister Rituals
                  | (Kikubaaqudgha gifted it to you on level 3 of the Dungeon)
  3001 | D:3      | Received a gift from Kikubaaqudgha
  3174 | D:3      | Reached XP level 6. HP: 30/36 MP: 4/9
  3619 | D:4      | Noticed a +0 hand axe
  3623 | D:4      | Noticed a +0 hand axe
  3632 | D:4      | Slain by an ogre

Illustrated notes

Levels and vault maps discovered:
D:1:      dpeg_arrival_tiny_f, layout_basic
D:2:      layout_rooms, nicolae_overflow_crystal_walls
D:3:      layout_rooms, minivault_23, hangedman_decor_opposing,
          minmay_misc_feat_hallway
D:4:      layout_cave_pools, kennysheep_mini, dancing_weapons_uskayaw,
          grunt_ministairs_15, minmay_manual_monstrance, uniq_grinder

Skill      XL: |  1  2  3  4  5 |
---------------+----------------+-----
Stealth        | 3 4 |  4.4
Poison Magic   | 4 5 |  5.7
Shields        | 1 2 |  2.5
Air Magic      | 1 |  1.8
Dodging        | |  2.5
Spellcasting   | |  2.0
Transmutations | |  1.0

Action                   |  1- 3 |  4- 6 || total
-------------------------+-------+-------++-------
Melee: Unarmed           |    26 |       ||    26
       Constrict         |    16 |    16 ||    32
       Tentacles         |     9 |    10 ||    19
       Dagger            |    51 |    52 ||   103
       Short sword       |       |     1 ||     1
Throw: Boomerang         |       |     1 ||     1
 Cast: Sting             |    12 |    16 ||    28
       Poisonous Vapours |     4 |    13 ||    17
  Use: Scroll            |       |     7 ||     7
       Potion            |       |     1 ||     1
 Stab: Sleeping          |    14 |     5 ||    19
Armor: Skin              |     8 |    14 ||    22
Dodge: Dodged            |    56 |    33 ||    89
Block: Buckler           |       |    20 ||    20

Table legend: (Time is in decaauts)
 A = Elapsed time spent in this place.
 B = Non-inter-level travel time spent in this place.
 C = Inter-level travel time spent in this place.
 D = Time resting spent in this place.
 E = Time spent auto-exploring this place.
 F = Levels seen in this place.
 G = Mean time per level.
                   A        B        C        D        E       F      G
               +--------+--------+--------+--------+--------+-----+--------+
         Total |   3634 |   3570 |     64 |   1427 |   1538 |   4 |  908.5 |
       Dungeon |   3634 |   3570 |     64 |   1427 |   1538 |   4 |  908.5 |
               +--------+--------+--------+--------+--------+-----+--------+

Top non-repeatable levels by time:
     D:1: 1402 daAuts
     D:2: 1345 daAuts
     D:3: 874 daAuts
     D:4: 12 daAuts
